 Dungeon Crawl Stone Soup version bcrawl-1.21 (webtiles) character file.

Game seed: 1747187332041791711

2300 Mrkan the Cleaver (level 9, -3/79 HPs)
             Began as a Minotaur Fighter on Feb 11, 2020.
             Was a Follower of Nemelex Xobeh.
             Killed by divine providence
             ... invoked by an orc priest
              (13 damage)
             ... on level 6 of the Dungeon.
             The game lasted 00:05:32 (5316 turns).

Mrkan the Cleaver (Minotaur Fighter)                Turns: 5316, Time: 00:05:33

Health: -3/79      AC: 13    Str: 21    XL:     9   Next: 17%
Magic:  11/11      EV:  5    Int:  5    God:    Nemelex Xobeh [*.....]
Gold:   439        SH: 11    Dex: 13    Spells: 8/8 levels left

rFire    . . .     SeeInvis .   a - +0 war axe
rCold    . . .     Gourm    .   c - +0 shield
rNeg     . . .     Faith    .   t - +0 plate armour
rPois    .         Spirit   .   (helmet restricted)
rElec    .         Reflect  .   (no cloak)
rCorr    .         Harm     .   (no gloves)
MR       .....                  (no boots)
Stlth    ..........             (no amulet)
HPRegen  0.23/turn              (no ring)
MPRegen  0.12/turn              (no ring)

@: no status effects
A: retaliatory headbutt, horns 2
a: Draw Escape, Draw Destruction, Draw Summoning, Renounce Religion


You were on level 6 of the Dungeon.
You worshipped Nemelex Xobeh.
Nemelex Xobeh was aware of your devotion.
You were not hungry.

You visited 1 branch of the dungeon, and saw 6 of its levels.

You collected 439 gold pieces.

Inventory:

Hand Weapons
 a - a +0 war axe (weapon)
Armour
 c - a +0 shield (worn)
 t - a +0 plate armour (worn)
Jewellery
 i - an uncursed ring of protection from cold {unknown}
 k - an uncursed ring of protection from cold {unknown}
 s - an uncursed ring of resist corrosion {unknown}
 u - a cursed amulet of inaccuracy {unknown}
 w - an uncursed amulet of magic regeneration {unknown}
 F - an uncursed ring of protection from cold {unknown}
Wands
 p - a wand of acid (6)
 v - a wand of random effects (11)
Scrolls
 f - 4 scrolls of fog {unknown}
 g - 9 scrolls of identify {unknown}
 l - a scroll of amnesia {unknown}
 m - a scroll of noise {unknown}
 n - 9 scrolls of remove curse {unknown}
 o - 5 scrolls of teleportation {unknown}
 r - a scroll of blinking {unknown}
 x - a scroll of fear {unknown}
 y - a scroll of immolation {unknown}
 B - 2 scrolls of enchant weapon {unknown}
Potions
 b - a potion of degeneration {unknown}
 d - a potion of might
 h - 5 potions of curing {unknown}
 j - 3 potions of mutation {unknown}
 q - a potion of heal wounds {unknown}
 z - a potion of ambrosia {unknown}
 A - a potion of brilliance {unknown}
 C - a potion of berserk rage {unknown}
 D - a potion of lignification {unknown}
Comestibles
 e - 5 rations {!d}


   Skills:
 + Level 7.1 Fighting
 * Level 9.0 Axes
 + Level 7.1 Armour
 + Level 7.0 Shields
 + Level 4.3 Invocations


You had 8 spell levels left.
You didn't know any spells.
Your spell library contained the following spells:

 Spells                   Type           Power        Failure   Level  Hunger
 Magic Dart               Conj           #...         100%        1    ##.....
 Confuse                  Hex            #.......     100%        3    ####...
 Dazzling Spray           Conj/Hex       #.....       100%        3    ####...
 Petrify                  Tmut/Erth      #.......     100%        4    #####..
 Yara's Violent Unravell  Hex/Tmut       #.........   100%        4    #####..
 Metabolic Englaciation   Hex/Ice        #.........   100%        5    ######.
 Mana Rupture             Conj/Hex       #.........   100%        7    #######


Dungeon Overview and Level Annotations

Branches:
Dungeon (6/12)
 Temple: D:4-7

Altars:
Kikubaaqudgha
Nemelex Xobeh
Sif Muna
Vehumet
Zin
The Shining One


Innate Abilities, Weirdness & Mutations

You reflexively headbutt those who attack you in melee.
You have a pair of horns on your head.


Message History

You struggle to resist.
You hit the orc priest but do no damage.
Your headbutt misses the orc priest.
The orc priest is severely wounded.
The orc priest calls down the wrath of Beogh upon you.
Beogh smites you!
* * * LOW HITPOINT WARNING * * *
You completely miss the orc priest.
The orc priest is severely wounded.
You closely miss the orc priest.
The orc priest is severely wounded.
The orc priest calls down the wrath of Beogh upon you.
Pain shoots through your body!
* * * LOW HITPOINT WARNING * * *
You hit the orc priest. Your headbutt misses the orc priest.
The orc priest is almost dead.
The orc priest mumbles some strange prayers to Beogh against you.
Beogh smites you!
You die...
Your body glows slightly and disappears.

..... ... ... ... #Z#
#o# ..# #o# #####
#.###@# ....###..##.#
#######.......##.#
#.............##.#
#...##........##.#
#...#.........##.#
#...#..........#.#
...###.......#.#.#
...'.....#.....#.######.


You could see an orc priest, an orc and an adder zombie.

Vanquished Creatures
  Pikel (D:4)
  A hippogriff (D:5)
  A wyvern (D:5)
  Sigmund (D:4)
  A hungry ghost (D:6)
  2 orc warriors (D:6)
  A black bear (D:5)
  An ogre (D:5)
  A big kobold (D:6)
  2 scorpions
  A crimson imp (D:5)
  A centaur zombie (D:5)
  A bullfrog zombie (D:5)
  A quasit (D:6)
  4 hounds
  An orc wizard (D:6)
  2 iguanas
  4 worker ants
  Natasha (thrice) (D:4)
  A hound zombie (D:5)
  A howler monkey zombie (D:5)
  7 gnolls (D:4)
  2 adders
  2 shadow imps
  An adder skeleton (D:4)
  3 worms
  A dart slug (D:1)
  4 leopard geckos
  8 orcs
  6 bats
  3 giant cockroaches
  2 goblins (D:1)
  4 hobgoblins
  10 jackals
  2 quokkas
  5 frilled lizards
  11 kobolds
  2 rats (D:1)
105 creatures vanquished.

Notes
Turn   | Place    | Note
-------+----------+-------------------------------------------
     0 | D:1      | Mrkan the Minotaur Fighter began the quest for the Orb.
     0 | D:1      | Reached XP level 1. HP: 19/19 MP: 0/0
   214 | D:1      | Reached XP level 2. HP: 27/27 MP: 1/1
   269 | D:1      | Reached skill level 3 in Axes
   853 | D:2      | Reached XP level 3. HP: 24/33 MP: 2/2
   871 | D:2      | Found a glowing silver altar of Zin.
  1245 | D:2      | Found an ancient bone altar of Kikubaaqudgha.
  1249 | D:2      | Found a shimmering blue altar of Sif Muna.
  1253 | D:2      | Found a radiant altar of Vehumet.
  1257 | D:2      | Identified Vehumet's Almanac of Arcane Weapons
  1647 | D:3      | Reached XP level 4. HP: 29/40 MP: 3/3
  1854 | D:3      | Found a shimmering blue altar of Sif Muna.
  1922 | D:3      | Reached skill level 4 in Axes
  1994 | D:3      | Found a sparkling altar of Nemelex Xobeh.
  2021 | D:3      | Became a worshipper of Nemelex Xobeh the Trickster
  2064 | D:3      | Received a gift from Nemelex Xobeh
  2657 | D:4      | Reached XP level 5. HP: 45/47 MP: 4/4
  2733 | D:4      | Reached skill level 1 in Invocations
  2737 | D:4      | Noticed Pikel
  2752 | D:4      | Killed Pikel
  2752 | D:4      | Reached skill level 5 in Fighting
  2752 | D:4      | Reached skill level 6 in Axes
  2752 | D:4      | Reached skill level 5 in Armour
  2752 | D:4      | Reached skill level 5 in Shields
  2752 | D:4      | Reached XP level 6. HP: 43/56 MP: 4/6
  2752 | D:4      | Reached XP level 7. HP: 47/61 MP: 4/7
  2900 | D:4      | Noticed Natasha
  2905 | D:4      | Killed Natasha
  3101 | D:4      | Noticed Natasha
  3108 | D:4      | Killed Natasha
  3143 | D:4      | Noticed Sigmund
  3153 | D:4      | Killed Sigmund
  3321 | D:4      | Noticed Natasha
  3332 | D:4      | Killed Natasha
  3471 | D:4      | Reached * piety under Nemelex Xobeh
  3475 | D:5      | Entered Level 5 of the Dungeon
  3487 | D:5      | Noticed a wyvern
  3498 | D:5      | Killed a wyvern
  3498 | D:5      | Reached skill level 7 in Axes
  3498 | D:5      | Reached XP level 8. HP: 44/70 MP: 9/9
  3969 | D:5      | Found a glowing golden altar of the Shining One.
  4064 | D:5      | Reached skill level 8 in Axes
  4106 | D:5      | Noticed a hippogriff
  4115 | D:5      | Killed a hippogriff
  5051 | D:6      | Reached XP level 9. HP: 51/78 MP: 11/11
  5308 | D:6      | Reached skill level 9 in Axes
  5316 | D:6      | Killed from afar by an orc priest

Skill      XL: |  1  2  3  4  5  6  7  8  9 |
---------------+----------------------------+-----
Axes           | 3 4 6 7 8 9 |  9.0
Armour         | 4 5 6 7 |  7.1
Fighting       | 4 5 6 7 |  7.1
Shields        | 4 5 6 7 |  7.0
Invocations    | 2 3 4 |  4.3

Action                   |  1- 3 |  4- 6 |  7- 9 || total
-------------------------+-------+-------+-------++-------
Melee: War axe           |    80 |    66 |   209 ||   355
       Headbutt          |    11 |    14 |    33 ||    58
  Eat: Chunk             |     1 |     1 |     5 ||     7
       Ration            |       |     1 |     2 ||     3
Armor: Scale mail        |    37 |       |       ||    37
       Plate armour      |    11 |    39 |   121 ||   171
Dodge: Dodged            |    23 |    13 |    35 ||    71
Block: Shield            |    47 |    40 |   123 ||   210
